AoeStats
← Hugh Jass

Coastal Forest

510428457Analyzed
4v4 RM · 1d ago on Oct 1, 2026· 63m 51s· 8 players
Game mode
Random Map
Map size
Large (8 player)
Population
200
Speed
Normal
Resources
Standard
Victory
Conquest
Starting age
Dark Age
Ending age
Imperial Age
RankedLock teamsTeams togetherTeam positionsShared explorationLock speedFull tech treeHidden civsTurbo modeCheats
Victory
Defeat
🇦🇷 Saxons · Argentina
856
+11
🇧🇷 Italians · Brazil
831
+12
🇺🇸 Varangians · United States
800
+13
🇺🇾 Danes · Uruguay
764
+14
🇺🇸 Goths · United States
781
-14
🇺🇸 Mongols · United States
756
-13
🇨🇦 Bohemians · Canada
731
-12
🇺🇸 Bohemians · United States
684
-11
ker plunk
1:08 Loom
11:16 Feudal Age
12:17 Fishing Lines
13:45 Double-Bit Axe
15:07 Town Watch
19:37 Castle Age
20:05 Wheelbarrow
21:01 Bow Saw
20:50 Gillnets
24:05 Forging
23:46 Fletching
24:52 Bloodlines
25:13 Husbandry
28:39 Hand Cart
30:40 Stone Mining
30:44 Gold Mining
31:40 Horse Collar
32:10 Scale Barding Armor
34:28 Town Patrol
36:51 Chain Barding Armor
37:07 Iron Casting
36:29 Bodkin Arrow
40:58 Caravan
42:45 Fortified Wall
42:46 Masonry
42:55 Murder Holes
48:37 Imperial Age
47:22 Stone Shaft Mining
46:16 Vendel Legacy
47:59 Ballistics
47:55 Clinker Construction
47:56 Careening
50:57 Two-Man Saw
50:01 Heavy Plow
50:39 Plate Barding Armor
51:05 Blast Furnace
50:06 Bracer
50:00 Elite Longship
52:22 Conscription
51:30 Cavalier
55:57 Chemistry
55:30 Architecture
55:23 Dry Dock
56:34 Elite Jarl
57:49 Elite Varangian Guard
58:31 Squires
58:18 Gambesons
QueMatracaAriel
12:25 Feudal Age
13:03 Double-Bit Axe
18:22 Fishing Lines
20:25 Stone Mining
22:51 Castle Age
21:39 Forging
21:29 Scale Mail Armor
21:18 Arson
22:58 Gold Mining
23:16 Scale Mail Armor
23:25 Gillnets
24:36 Bow Saw
24:31 Horse Collar
25:17 Squires
26:22 Treadmill Crane
28:32 Wheelbarrow
30:11 Hand Cart
29:46 Town Watch
30:17 Masonry
33:38 Heavy Plow
36:27 Imperial Age
34:15 Chain Mail Armor
34:35 Iron Casting
33:54 Loom
36:29 Town Patrol
36:27 Fletching
37:05 Fortified Wall
38:08 Conscription
37:10 Shield Wall
37:11 Elite Hearth Troop
38:34 Medium Warships
39:32 Two-Man Saw
38:32 Elite Hearth Troop
40:09 Gold Shaft Mining
45:28 Capped Ram
47:20 Hoardings
46:54 Siege Engineers
46:46 Murder Holes
46:37 Siege Ram
47:26 Guard Tower
48:36 Chemistry
48:10 Architecture
50:40 Keep
49:50 Arrowslits
Gambini
13:06 Feudal Age
13:32 Double-Bit Axe
14:23 Wheelbarrow
13:35 Fishing Lines
15:42 Gold Mining
20:13 Castle Age
18:26 Bloodlines
18:09 Fletching
20:49 Forging
20:44 Scale Barding Armor
21:04 Bow Saw
21:10 Hand Cart
22:05 Iron Casting
22:01 Gillnets
22:09 Horse Collar
23:34 Stone Mining
25:11 Husbandry
26:21 Bodkin Arrow
28:38 Silk Road
31:50 Imperial Age
32:00 Caravan
31:55 Cavalier
33:37 Blast Furnace
34:19 Stone Shaft Mining
36:21 Two-Man Saw
35:23 Heavy Plow
38:05 Chain Barding Armor
37:45 Bracer
37:47 Padded Archer Armor
38:24 Pirotechnia
38:37 Conscription
38:33 Scale Mail Armor
39:35 Plate Barding Armor
40:48 Elite Genoese Crossbowman
42:34 Chemistry
41:54 Ballistics
41:15 Treadmill Crane
41:46 Fortified Wall
41:33 Murder Holes
41:49 Masonry
43:12 Scale Mail Armor
44:49 Hoardings
44:58 Hoardings
64:15 Pirotechnia
64:18 Fortified Wall
64:29 Bombard Tower
64:39 Architecture
JoaKo_uy
7:47 Loom
12:03 Feudal Age
13:29 Horse Collar
18:34 Double-Bit Axe
19:41 Scale Mail Armor
21:36 Man-at-Arms
22:03 Arson
22:39 Forging
30:32 Fletching
32:41 Wheelbarrow
34:35 Castle Age
36:30 Bow Saw
36:24 Heavy Plow
35:56 Long Swordsman
36:38 Squires
37:05 Chain Mail Armor
37:26 Iron Casting
38:02 Caravan
42:21 Hand Cart
47:22 Imperial Age
48:16 Ballistics
47:45 Onager
50:28 Town Watch
51:49 Chemistry
51:17 Town Patrol
51:13 Siege Onager
54:09 Masonry
60:11 Northmen's Fury
60:18 Northmen's Fury
60:22 Hamask
61:23 Conscription
60:45 Elite Jomsviking
drtySASQUATCH69
0:36 Loom
18:54 Feudal Age
20:13 Wheelbarrow
19:21 Horse Collar
19:30 Double-Bit Axe
19:39 Gold Mining
19:45 Stone Mining
21:20 Forging
21:16 Scale Barding Armor
21:45 Bloodlines
27:51 Fletching
28:02 Padded Archer Armor
30:31 Castle Age
31:30 Hand Cart
31:46 Heavy Plow
32:04 Bow Saw
32:13 Husbandry
33:57 Iron Casting
33:43 Chain Barding Armor
35:04 Gold Shaft Mining
37:26 Bodkin Arrow
37:46 Leather Archer Armor
38:58 Caravan
39:12 Thumb Ring
44:12 Imperial Age
42:22 Fortified Wall
42:33 Ballistics
45:43 Heavy Camel Rider
46:39 Bracer
49:08 Blast Furnace
48:35 Conscription
48:24 Nomads
49:47 Elite Mangudai
51:34 Chemistry
52:24 Parthian Tactics
Scoobydoo117778
1:04 Loom
11:17 Feudal Age
13:03 Double-Bit Axe
14:19 Horse Collar
17:03 Town Watch
19:27 Wheelbarrow
18:51 Man-at-Arms
19:17 Arson
25:35 Castle Age
24:15 Fletching
26:13 Pikeman
26:54 Squires
29:37 Scale Mail Armor
30:06 Bow Saw
34:38 Chemistry
43:24 Imperial Age
42:41 Hand Cart
43:42 Houfnice
45:47 Siege Engineers
46:21 Ballistics
46:32 Guilds
46:39 Halberdier
48:23 Bodkin Arrow
49:08 Bracer
53:11 Chain Mail Armor
53:07 Forging
52:58 Padded Archer Armor
58:55 Two-Man Saw
60:17 Elite Skirmisher
Hugh Jass
12:22 Feudal Age
16:36 Double-Bit Axe
19:13 Castle Age
23:49 Chemistry
22:34 Man-at-Arms
23:52 Long Swordsman
26:03 Pikeman
26:31 Arson
28:10 Bow Saw
61:35 Imperial Age
59:42 Caravan
62:22 Wheelbarrow
62:56 Halberdier
62:57 Two-Handed Swordsman
TheBoss2333
7:21 Loom
13:50 Feudal Age
18:52 Double-Bit Axe
24:09 Castle Age
23:27 Horse Collar
23:39 Gold Mining
23:41 Stone Mining
24:07 Man-at-Arms
27:50 Stone Shaft Mining
29:13 Forging
29:04 Scale Mail Armor
30:21 Long Swordsman
31:58 Squires
36:21 Imperial Age
33:55 Heavy Plow
36:01 Chain Mail Armor
36:22 Iron Casting
38:26 Crop Rotation
38:13 Bow Saw
37:31 Two-Handed Swordsman
40:46 Blast Furnace
40:41 Perfusion
41:08 Conscription
43:16 Champion
46:40 Elite Huskarl
Connection lost

Rejoining the realm…

Still unreachable

The connection could not be restored.

Session expired

The server has moved on; the page needs a fresh start.